 Dungeon Crawl Stone Soup version 0.29-a0-284-gf9362112df (webtiles) character file.

Game seed: 3293236536771710813

3793 spaghetti the Basher (level 10, -9/88 HPs)
             Began as an Ogre Gladiator on Mar 26, 2022.
             Was a Priest of the Shining One.
             Mangled by a cyan ugly thing (15 damage)
             ... on level 8 of the Dungeon.
             The game lasted 00:11:12 (8186 turns).

spaghetti the Basher (Ogre Gladiator)               Turns: 8186, Time: 00:11:13

Health: -9/88      AC:  7    Str: 25 (26) XL:     10   Next: 16%
Magic:  10/10      EV:  9    Int:  7 (9)  God:    the Shining One [***...]
Gold:   323        SH:  8    Dex: 20 (22) Spells: 9/9 levels left

rFire   . . .      SeeInvis .   b - +0 flail (holy) {mace}
rCold   . . .      Faith    .   g - +0 kite shield
rNeg    + . .      Spirit   .   x - +0 steam dragon scales
rPois   .          Reflect  .   r - +1 hat
rElec   .          Harm     .   n - scarf {+Inv}
rCorr   .          Rampage  .   (gloves unavailable)
Will    +....                   (boots unavailable)
Stlth   +.........              (no amulet)
HPRegen 0.24/turn               k - +6 ring of dexterity
MPRegen 0.12/turn               s - +6 ring of dexterity

@: glowing
A: large, unfitting armour, tough skin 1, hooves 1, sense surroundings 1, strong
1
a: Renounce Religion, Evoke Invisibility, Divine Shield, Cleansing Flame


You were on level 8 of the Dungeon.
You worshipped the Shining One.
The Shining One was most pleased with you.
You visited 1 branch of the dungeon, and saw 8 of its levels.

You collected 323 gold pieces.


Innate Abilities, Weirdness & Mutations

You are too large for most types of armour.
You have tough skin. (AC +1)
You have large cloven feet.
You passively map a small area around you.
Your muscles are strong. (Str +2)


   Skills:
 - Level 2.6 Fighting
 + Level 13.3 Maces & Flails
 - Level 2.0 Throwing
 - Level 2.6 Dodging


You had 9 spell levels left.
You didn't know any spells.
Your spell library contained the following spells:

 Spells                   Type           Power      Damage    Failure   Level
 Slow                     Hex            0%         N/A       77%         1
 Static Discharge         Conj/Air       0%         N/A       88%         2
 Sublimation of Blood     Necr           0%         N/A       88%         2
 Wereblood                Tmut           0%         N/A       88%         2
 Call Canine Familiar     Summ           0%         N/A       98%         3
 Confusing Touch          Hex            0%         N/A       98%         3
 Portal Projectile        Hex/Tloc       0%         N/A       98%         3
 Vampiric Draining        Necr           0%         2d6       98%         3
 Dispel Undead            Necr           0%         3d6       100%        4
 Leda's Liquefaction      Hex/Erth       0%         N/A       100%        4
 Sticky Flame             Conj/Fire      0%         2d3       100%        4
 Summon Hydra             Summ           0%         N/A       100%        7

Inventory:

Hand Weapons
 a - a +1 mace of protection {mace}
   (You found it on level 2 of the Dungeon)
 b - a +0 flail of holy wrath (weapon) {mace}
   (You took it off an orc warrior on level 6 of the Dungeon)
 c - the +1 hand axe "Fore" {vorpal, Dex+4 Stlth+, axe}
   (You found it on level 2 of the Dungeon)

   It inflicts extra damage upon your enemies.
   Dex:       It affects your dexterity (+4).
   Stlth:     It makes you more stealthy.
Missiles
 d - 3 throwing nets {=f!fthrowing}
 e - a large rock {=fthrowing}
 h - 168 stones (quivered) {throwing}
 w - 16 poisoned darts {throwing}
 A - 6 silver boomerangs {throwing}
 C - 3 boomerangs {throwing}
Armour
 g - a +0 kite shield (worn)
   (You found it on level 1 of the Dungeon)
 i - a +0 cloak
   (You found it on level 1 of the Dungeon)
 n - a scarf of invisibility (worn)
   (You found it on level 7 of the Dungeon)
 q - a +0 robe
 r - a +1 hat (worn)
 x - +0 steam dragon scales (worn)
   (You found it on level 6 of the Dungeon)
Jewellery
 k - a +6 ring of dexterity (left hand)
   (You found it on level 2 of the Dungeon)
 s - a +6 ring of dexterity (right hand)
   (You found it on level 6 of the Dungeon)
 t - an amulet of magic regeneration {@e2}
   (You found it on level 8 of the Dungeon)
 u - a ring of ice
   (You found it on level 3 of the Dungeon)
 y - a ring of positive energy
   (You found it on level 6 of the Dungeon)
Wands
 m - a wand of polymorph (7)
   (You found it on level 5 of the Dungeon)
 z - a wand of acid (3)
   (You found it on level 6 of the Dungeon)
 E - a wand of charming (2)
   (You took it off Erica on level 8 of the Dungeon)
Scrolls
 j - a scroll of fear
 o - a scroll of vulnerability {!r!r}
 p - a scroll of immolation {!r!r}
 v - 4 scrolls of teleportation {@r4}
 B - a scroll of enchant armour
 D - a scroll of amnesia {unknown}
Potions
 l - 2 potions of berserk rage {unknown}

Dungeon Overview and Level Annotations

Branches:
Dungeon (8/15)             Temple (0/1) D:7
   Lair: D:8-11

Altars:
Cheibriados
Dithmenos
Fedhas
Gozag
Kikubaaqudgha
Nemelex Xobeh
Ru
Trog
Zin
The Shining One

.....##......##......##......###.
....####....####....####.....# #.
+#### ###'## #####.##.#..#.# #. *
#.##### ##..##..#.###. , #.....#
#..#####+#... * #####.# #### ,
,,###. #.### ** ,, #... #...# * *
#### , * #..@# , * , #.##uh# ,
#.#


hF# * *#### * * , , #..,##yK * #... # ,.. +..,* KF# , #.#< #* .. , *#.# #yz ,
#.#. # )⌠ ,* * #. h.# ,*#.#. ##$ #. *#.#. #? * *#... You could see a cyan ugly
thing, a hornet, 2 kobold brigands, 2 bullfrogs, 3 howler monkeys, a killer bee
and a wight.


Message History

The cyan ugly thing gurgles horribly!
You hear a croak.
You hear a loud, deep croak!
You can now channel blasts of cleansing flame.
A hornet comes into view.
A kobold brigand comes into view.
It is wielding a +5 whip and quivering poisoned darts.
The kobold brigand throws a poisoned dart.
You block the poisoned dart.
The hornet moves out of view.
The kobold brigand shouts!
The hornet buzzes angrily.
You hear a shout!
You hear a howl!
A bullfrog comes into view.
The kobold brigand closely misses you.
You see here an Everburning Encyclopedia.
You sock the kobold brigand!
Your weapon exudes an aura of protection.
You kick the kobold brigand.
A howler monkey comes into view.
The kobold brigand hits you but does no damage.
You sock the kobold brigand!
A howler monkey comes into view.
A kobold brigand comes into view.
It is wielding a +1 vampiric short sword.
The kobold brigand hits you with a +0 short sword. 😕 HP[-1]
You take 1 damage, and now have 87/88 hp.
The howler monkey howls!
You hit the kobold brigand.
You hear an angry buzzing noise.
You block the kobold brigand's attack.
You barely miss the kobold brigand.
The howler monkey hoots and howls with incredible vigour!
The kobold brigand hits you but does no damage.
You hear a howl! x2; You hear a roar!
You hear a shout! x2 😎 HP[+1]
Your hp is fully restored (88).
You hit the kobold brigand but do no damage.
A bullfrog comes into view.
A wight comes into view.
It is wielding a +0 long sword and wearing a +1 robe of willpower.
The kobold brigand hits you but does no damage.
A howler monkey comes into view.
You hit the kobold brigand.
You kill the kobold brigand!
A killer bee comes into view.
The howler monkey hoots and howls with incredible vigour!
You hear a shout!
The killer bee buzzes angrily.
You sock the cyan ugly thing! You kick the cyan ugly thing.
You sock the cyan ugly thing!
The cyan ugly thing claws you but does no damage.
You sock the cyan ugly thing!
You kick the cyan ugly thing, but do no damage.
The howler monkey hoots and howls with incredible vigour!
The cyan ugly thing closely misses you.
You hit the cyan ugly thing but do no damage.
You kick the cyan ugly thing, but do no damage.
The howler monkey hoots and howls with incredible vigour!
The cyan ugly thing claws you! The cyan ugly thing shocks you!
You hear a howl!
You hear a shout! 😮 HP[-28]
You take 28 damage, and now have 60/88 hp.
MASSIVE DAMAGE!! (PAUSE)
Press: ? - help, v - describe, . - travel, g - get item
Here: a cyan ugly thing (moderately wounded, haloed)
Items here: a +0 short sword; 8 poisoned darts; a kobold corpse.
The floor, spattered with blood.
Unknown command.
Press: ? - help, v - describe, . - travel, g - get item
Here: a cyan ugly thing (moderately wounded, haloed)
Items here: a +0 short sword; 8 poisoned darts; a kobold corpse.
The floor, spattered with blood.
Unknown command.
Press: ? - help, v - describe, . - travel, g - get item
Here: a cyan ugly thing (moderately wounded, haloed)
Items here: a +0 short sword; 8 poisoned darts; a kobold corpse.
The floor, spattered with blood.
Your +1 mace of protection {mace} goes still.
Your +0 flail of holy wrath {mace} softly glows with a divine radiance!
b - a +0 flail of holy wrath (weapon)
{mace} You sock the cyan ugly thing!
The cyan ugly thing claws you! The cyan ugly thing shocks you!
* * * LOW HITPOINT WARNING * * *
😨 HP[-24]
You take 24 damage, and now have 36/88 hp.
MASSIVE DAMAGE!! (PAUSE) Activating: Cleansing Flame (83% risk of failure)
Press: ? - help, Dir - look around, f - activate You fail to use your ability.
The cyan ugly thing claws you!
* * * LOW HITPOINT WARNING * * *
The cyan ugly thing shocks you!
* * * LOW HITPOINT WARNING * * *
😱 HP[-27]
You take 27 damage, and now have 9/88 hp.
MASSIVE DAMAGE!! (PAUSE) It was a potion of degeneration.
There was something very wrong with that liquid.
You feel weakened.
You feel dopey.
You feel clumsy.
The bullfrog swells and bulges.
The cyan ugly thing claws you.
* * * LOW HITPOINT WARNING * * *
The cyan ugly thing shocks you!
You die...

Skill      XL: |  1  2  3  4  5  6  7  8  9 10 |
---------------+-------------------------------+-----
Maces & Flails | 3 4 5 7 8 10 12 13 | 13.3
Fighting       | |  2.6
Throwing       | |  2.0
Dodging        | |  2.6

Action                   |  1- 3 |  4- 6 |  7- 9 | 10-12 || total
-------------------------+-------+-------+-------+-------++-------
Melee: Flail             |    86 |       |    32 |     1 ||   119
       Kick              |     6 |    12 |    68 |     4 ||    90
       Mace              |    18 |    37 |   188 |    11 ||   254
Throw: Throwing net      |       |     3 |       |       ||     3
       Stone             |       |       |    32 |       ||    32
Invok: Divine Shield     |       |       |     4 |       ||     4
Evoke: Wand              |       |       |     1 |     6 ||     7
  Use: Potion            |     1 |     4 |     3 |     1 ||     9
       Scroll            |       |     7 |     5 |       ||    12
 Stab: Sleeping          |     1 |       |       |       ||     1
Armor: Robe              |    61 |     8 |    16 |       ||    85
       Steam dragon scal |       |       |    76 |     4 ||    80
Dodge: Dodged            |    72 |     9 |    82 |     5 ||   168
Block: Kite shield       |    40 |     8 |   114 |     2 ||   164

Levels and vault maps discovered:
D:1:      shiori_arrival_elements, layout_loops_ring, chequers_decorated_corner,
          kennysheep_minor_cross
D:2:      layout_rooms, basic_ecumenical_altar, dk_noncrumbling_4,
          kennysheep_generic_room_14
D:3:      layout_basic
D:4:      layout_basic, mainiacjoe_overflow_cross_hatched,
          grunt_dithmenos_smoke_and_mirrors, uniq_ijyb, uniq_robin
D:5:      layout_cave_pods, kennysheep_mini, uniq_grinder
D:6:      layout_gridville, grunt_temple_overflow_open
D:7:      layout_loops_ring, mainiacjoe_overflow_catwalk, temple_doors_e
D:8:      wad_guarded_room, layout_loops_ring, nicolae_looking_at_the_future,
          uniq_erica

Notes
Turn   | Place    | Note
-------+----------+-------------------------------------------
     0 | D:1      | spaghetti the Ogre Gladiator began the quest for the Orb.
     0 | D:1      | Reached XP level 1. HP: 22/22 MP: 1/1
     0 | D:1      | magus.rc [v1.9.6]
   211 | D:1      | Reached skill level 3 in Maces & Flails
   341 | D:1      | You pick up a book of Touch and begin reading...
   341 | D:1      | You add the spells Static Discharge, Sticky Flame and
                  | Dispel Undead to your library.
   426 | D:1      | Reached XP level 2. HP: 27/29 MP: 2/2
   845 | D:1      | You pick up a book of Blood and begin reading...
   845 | D:1      | You add the spells Sublimation of Blood, Wereblood and
                  | Summon Hydra to your library.
   913 | D:1      | You pick up a book of Debilitation and begin reading...
   913 | D:1      | You add the spells Slow, Vampiric Draining and Confusing
                  | Touch to your library.
  1430 | D:2      | Gained mutation: You have large cloven feet. [potion of
                  | mutation]
  1430 | D:2      | Gained mutation: Your muscles are strong. (Str +2) [potion
                  | of mutation]
  1430 | D:2      | Gained mutation: You passively map a small area around you.
                  | [potion of mutation]
  1443 | D:2      | Reached XP level 3. HP: 14/36 MP: 3/3
  1662 | D:2      | Reached skill level 4 in Maces & Flails
  1869 | D:2      | Found a faded altar of an unknown god.
  1984 | D:2      | Identified the +1 hand axe "Fore" {vorpal, Dex+4 Stlth+}
  2019 | D:2      | Prayed at the altar of an unknown god.
  2019 | D:2      | Became a worshipper of the Shining One
  2019 | D:2      | Reached * piety under the Shining One
  2314 | D:3      | Reached XP level 4. HP: 44/44 MP: 4/4
  2589 | D:4      | You pick up a book of Touch and begin reading...
  2637 | D:4      | Found a shadowy altar of Dithmenos.
  3073 | D:4      | magus.rc [v1.9.6]
  3089 | D:4      | Noticed an ogre
  3098 | D:4      | Killed an ogre
  3099 | D:4      | Reached skill level 5 in Maces & Flails
  3099 | D:4      | Reached XP level 5. HP: 26/50 MP: 5/5
  3246 | D:4      | Found a sacrificial altar of Ru.
  3295 | D:5      | Entered Level 5 of the Dungeon
  3451 | D:5      | Noticed Grinder
  3459 | D:5      | Reached XP level 6. HP: 59/59 MP: 6/6
  3463 | D:5      | Reached skill level 6 in Maces & Flails
  3465 | D:5      | Paralysed by Grinder for 2 turns
  3474 | D:5      | Killed Grinder
  3475 | D:5      | Reached skill level 7 in Maces & Flails
  3475 | D:5      | Reached XP level 7. HP: 57/66 MP: 7/7
  4134 | D:5      | Found a glowing silver altar of Zin.
  4273 | D:5      | You pick up a book of the Hunter and begin reading...
  4273 | D:5      | You add the spells Call Canine Familiar, Portal Projectile
                  | and Leda's Liquefaction to your library.
  4480 | D:6      | Reached ** piety under the Shining One
  4543 | D:6      | Reached skill level 8 in Maces & Flails
  4601 | D:6      | Noticed a steam dragon
  4609 | D:6      | Killed a steam dragon
  4610 | D:6      | Reached XP level 8. HP: 59/74 MP: 8/8
  4807 | D:6      | HP: 12/74 [orc warrior/+0 flail of holy wrath (7)]
  4811 | D:6      | HP: 1/74 [orc warrior/+0 flail of holy wrath (12)]
  4825 | D:6      | Reached skill level 9 in Maces & Flails
  5122 | D:6      | Found a blossoming altar of Fedhas.
  5123 | D:6      | Found a bloodstained altar of Trog.
  5127 | D:6      | Found an opulent altar of Gozag.
  5127 | D:6      | Found an ancient bone altar of Kikubaaqudgha.
  5128 | D:6      | Found a snail-covered altar of Cheibriados.
  5186 | D:6      | HP: 14/73 [wight/+0 morningstar (5)]
  5640 | D:6      | Reached skill level 10 in Maces & Flails
  6118 | D:7      | Found a sparkling altar of Nemelex Xobeh.
  6255 | D:7      | Found a staircase to the Ecumenical Temple.
  6272 | D:7      | Reached XP level 9. HP: 75/80 MP: 9/9
  6722 | D:7      | Reached skill level 11 in Maces & Flails
  6871 | D:8      | HP: 6/80 [orc warrior/+0 glaive (17)]
  7486 | D:8      | Noticed Erica
  7499 | D:8      | Killed Erica
  7500 | D:8      | Reached skill level 12 in Maces & Flails
  7694 | D:8      | Noticed a queen bee
  7712 | D:8      | Reached XP level 10. HP: 43/88 MP: 10/10
  7716 | D:8      | Reached skill level 13 in Maces & Flails
  7719 | D:8      | HP: 22/88 [poisoned by a queen bee]
  7724 | D:8      | HP: 17/88 [poisoned by a queen bee]
  8170 | D:8      | Noticed a cyan ugly thing
  8171 | D:8      | Reached *** piety under the Shining One
  8185 | D:8      | HP: 9/88 [cyan ugly thing (17)]
  8186 | D:8      | Mangled by a cyan ugly thing

Vanquished Creatures
  Erica (D:8)
  A queen bee (D:8)
  Grinder (D:5)
  2 steam dragons
  2 orc warriors
  A sky beast (D:8)
  An ogre (D:4)
  2 centaurs
  2 phantoms (D:6)
  A kobold brigand (D:8)
  3 bullfrogs
  A necrophage (D:6)
  9 wights
  12 killer bees (D:8)
  A howler monkey (D:5)
  A jelly (D:5)
  2 orc priests
  A hound (D:6)
  An iguana (D:5)
  8 orc wizards
  3 adders
  3 gnolls (D:4)
  2 shadow imps (D:7)
  2 white imps
  An ufetubus (D:6)
  3 dart slugs
  20 orcs
  6 ball pythons
  3 bats
  4 endoplasms
  2 giant cockroaches
  2 goblins
  2 hobgoblins
  6 jackals (D:1)
  A quokka (D:1)
  A frilled lizard (D:3)
  7 kobolds
  3 rats
124 creatures vanquished.

Vanquished Creatures (others)
  7 plants (D:8)
7 creatures vanquished.

Grand Total: 131 creatures vanquished

Table legend:
 A = Non-vault XP
 B = Vault XP
 C = Vault XP percentage of total XP
 D = Non-vault monster count
 E = Vault monster count
 F = Vault count percentage of total count
                 A         B        C        D         E       F
            +---------+---------+-------+---------+---------+-------
      Total |    3132 |    2287 |  42.2 |     107 |      17 |  13.7
            +---------+---------+-------+---------+---------+-------
        D:1 |      26 |       0 |   0.0 |      14 |       0 |   0.0
        D:2 |      49 |       1 |   2.0 |      15 |       1 |   6.2
        D:3 |      15 |       0 |   0.0 |       7 |       0 |   0.0
        D:4 |     174 |       0 |   0.0 |       9 |       0 |   0.0
        D:5 |     272 |     290 |  51.6 |      11 |       1 |   8.3
        D:6 |    1355 |       0 |   0.0 |      26 |       0 |   0.0
        D:7 |     731 |       0 |   0.0 |      16 |       0 |   0.0
        D:8 |     510 |    1996 |  79.6 |       9 |      15 |  62.5
            +---------+---------+-------+---------+---------+-------

Illustrated notes

Table legend:
 A = Kills in this place as a percentage of kills in entire the game.
 B = Kills by you in this place as a percentage of kills by you in the entire game.
 C = Kills by friends in this place as a percentage of kills by friends in the entire game.
 D = Other kills in this place as a percentage of other kills in the entire game.
 E = Experience gained in this place as a percentage of experience gained in the entire game.
 F = Experience gained in this place divided by the number of levels of this place that you have seen.
                   A       B       C       D       E      F
               +-------+-------+-------+-------+-------+----------------------
         Total | 100.0 | 100.0 |   N/A |   N/A | 100.0 | 677.4
       Dungeon | 100.0 | 100.0 |   N/A |   N/A | 100.0 | 677.4
               +-------+-------+-------+-------+-------+----------------------

Table legend: (Time is in decaauts)
 A = Elapsed time spent in this place.
 B = Non-inter-level travel time spent in this place.
 C = Inter-level travel time spent in this place.
 D = Time resting spent in this place.
 E = Time spent auto-exploring this place.
 F = Levels seen in this place.
 G = Mean time per level.
                   A        B        C        D        E       F      G
               +--------+--------+--------+--------+--------+-----+--------+
         Total |   8230 |   8011 |    219 |   1725 |   5278 |   8 | 1028.8 |
       Dungeon |   8230 |   8011 |    219 |   1725 |   5278 |   8 | 1028.8 |
               +--------+--------+--------+--------+--------+-----+--------+

Top non-repeatable levels by time:
     D:6: 1446 daAuts
     D:7: 1287 daAuts
     D:1: 1284 daAuts
     D:5: 1149 daAuts
     D:8: 1026 daAuts
     D:2: 885 daAuts
     D:4: 701 daAuts
     D:3: 449 daAuts
